 Dungeon Crawl Stone Soup version 0.18.1-50-g88ac8fd (webtiles) character file.

35 Gorglomux the Sneak (level 3, -2/16 HPs)
             Began as a Spriggan Enchanter on Oct 30, 2016.
             Slain by a gnoll (5 damage)
             ... on level 2 of the Dungeon.
             The game lasted 00:03:07 (1359 turns).

Gorglomux the Sneak (Spriggan Enchanter)            Turns: 1359, Time: 00:03:07

Health: -2/16      AC:  3    Str:  4    XL:     3   Next: 16%
Magic:  2/8        EV: 18    Int: 17    God:
Gold:   36         SH:  0    Dex: 16    Spells: 3 memorised, 1 level left

rFire  . . .     SeeInvis +     a - +1 dagger
rCold  . . .     Gourm    .     b - +1 robe
rNeg   . . .     Faith    .     (shield restricted)
rPois  .         Spirit   .     (helmet restricted)
rElec  .         Dismiss  .     (no cloak)
rCorr  .         Reflect  .     (gloves unavailable)
SustAt .         Harm     .     (boots unavailable)
MR     .....                    (no amulet)
Stlth  ++++......               (no ring)
                                (no ring)

@: very quick, not resistant to hostile enchantments, stealthy
A: unfitting armour, see invisible, herbivore 3, speed 3, slow metabolism 2
a: no special abilities


You were on level 2 of the Dungeon.
You were not hungry.

You visited 1 branch of the dungeon, and saw 2 of its levels.

You collected 36 gold pieces.

Inventory:

Hand Weapons
 a - a +1 dagger (weapon)
Armour
 b - a +1 robe (worn)
Scrolls
 e - a scroll of remove curse {unknown}
 f - a scroll of random uselessness {unknown}
 g - 2 scrolls of identify {unknown}
 h - a scroll of amnesia {unknown}
Books
 c - a book of Maledictions

   Spells                             Type                      Level
   a - Corona                         Hexes                        1
   b - Ensorcelled Hibernation        Hexes/Ice                    2
   c - Confuse                        Hexes                        3
   d - Tukima's Dance                 Hexes                        3
   e - Dazzling Spray                 Conjuration/Hexes            3
Comestibles
 d - 2 bread rations


   Skills:
 + Level 2.3 Short Blades
 - Level 3.0 Dodging
 + Level 5.7 Stealth
 - Level 2.6 Spellcasting
 - Level 3.6 Hexes


You had one spell level left.
You knew the following spells:

 Your Spells              Type           Power        Failure   Level  Hunger
a - Corona                Hex            ##.....      4%          1    #......
b - Ensorcelled Hibernat  Hex/Ice        #.....       17%         2    ##.....
c - Confuse               Hex            ##......     14%         3    ###....


Dungeon Overview and Level Annotations

Branches:
Dungeon (2/15)

Altars:


Innate Abilities, Weirdness & Mutations

You are tiny and cannot use many weapons and most armour.
You have supernaturally acute eyesight.
You are a herbivore.
You cover ground extremely quickly.
You need consume almost no food.


Message History

You climb downwards.
The gnoll hits you. The gnoll hits you with a spear.
The gnoll completely misses you.
There is a stone staircase leading up here.
Casting: Ensorcelled Hibernation
Confirm with . or Enter, or press ? or * to list all spells.
Aiming: Confuse
Press: ? - help, Shift-Dir - straight line, f - gnoll
Aim: a gnoll, wielding a spear (chance to defeat MR: 53%)
The gnoll appears confused.
The gnoll closely misses you. The gnoll misses you.
Casting: Confuse
Confirm with . or Enter, or press ? or * to list all spells.
Aiming: Confuse
Press: ? - help, Shift-Dir - straight line, f - gnoll, p - gnoll
Aim: a gnoll (chance to defeat MR: 53%)
The gnoll resists with significant effort.
The gnoll hits you.
* * * LOW HITPOINT WARNING * * *
The gnoll misses you. The gnoll hits you.
You die...

# ###### .#
#....###.#.
#..........
#........
#.(....
#...g#
#.g@.#
#g<..#
######


You could see 3 gnolls.

Vanquished Creatures
  A gnoll (D:1)
  An ooze (D:1)
  A dart slug (D:1)
  4 goblins (D:1)
  3 hobgoblins (D:1)
  2 kobolds (D:1)
  A ball python (D:1)
  2 bats (D:1)
  5 rats (D:1)
20 creatures vanquished.

Notes
Turn   | Place    | Note
--------------------------------------------------------------
     0 | D:1      | Gorglomux the Spriggan Enchanter began the quest for the Orb.
     0 | D:1      | Reached XP level 1. HP: 9/9 MP: 5/5
   298 | D:1      | Reached skill level 5 in Stealth
   298 | D:1      | Reached XP level 2. HP: 9/13 MP: 4/6
   302 | D:1      | Learned a level 2 spell: Ensorcelled Hibernation
  1298 | D:1      | Reached XP level 3. HP: 16/16 MP: 2/8
  1355 | D:1      | Learned a level 3 spell: Confuse
  1359 | D:2      | Slain by a gnoll

Skill      XL: |  1  2 |
---------------+-------+-----
Stealth        | 5 |  5.7
Short Blades   | 2 |  2.3
Dodging        | |  3.0
Spellcasting   | |  2.6
Hexes          | |  3.6

Action                   || total
-------------------------++-------
Melee: Dagger            ||    71
 Cast: Corona            ||    10
       Ensorcelled Hiber ||     6
       Confuse           ||     2
 Stab: Sleeping          ||     9
Armor: Robe              ||     7
Dodge: Dodged            ||    52
